 Dungeon Crawl Stone Soup version 0.24-a0-581-gc0fa6600bf (webtiles) character file.

Game seed: 5188990442703235748

7 Mithandil the Skirmisher (level 1, -3/18 HPs)
             Began as a Demonspawn Abyssal Knight on Aug 24, 2019.
             Was a Follower of Lugonu.
             Slain by a kobold
             ... wielding a +0 short sword
              (6 damage)
             ... on level 1 of the Dungeon.
             The game lasted 00:01:05 (98 turns).

Mithandil the Skirmisher (Demonspawn Abyssal Knight)  Turns: 98, Time: 00:01:06

Health: -3/18      AC:  3    Str: 12    XL:     1   Next: 91%
Magic:  2/2        EV: 11    Int: 13    God:    Lugonu [*.....]
Gold:   0          SH:  0    Dex: 12    Spells: 0/0 levels left

rFire    . . .     SeeInvis .   a - +1 falchion
rCold    . . .     Gourm    .   (no shield)
rNeg     . . .     Faith    .   b - +0 leather armour
rPois    .         Spirit   .   (no helmet)
rElec    .         Reflect  .   (no cloak)
rCorr    .         Harm     .   (no gloves)
MR       .....                  (no boots)
Stlth    +.........             (no amulet)
HPRegen  0.06/turn              (no ring)
MPRegen  0.08/turn              (no ring)

@: no status effects
A: no striking features
a: Depart the Abyss, Renounce Religion


You were on level 1 of the Dungeon.
You worshipped Lugonu.
Lugonu was aware of your devotion.
You were not hungry.

You visited 1 branch of the dungeon, and saw 1 of its levels.
You visited the Abyss 1 time.

Inventory:

Hand Weapons
 a - a +1 falchion (weapon)
Armour
 b - a +0 leather armour (worn)
Scrolls
 e - a scroll of fog {unknown}
Comestibles
 c - a ration
 d - 3 chunks of flesh


   Skills:
 + Level 3.0 Fighting
 * Level 2.0 Long Blades
 + Level 1.9 Armour
 + Level 1.0 Dodging
 + Level 0.2 Unarmed Combat
 + Level 2.6 Invocations


You couldn't memorise any spells.
You didn't know any spells.
Your spell library was empty.

Dungeon Overview and Level Annotations

Branches:
Dungeon (1/15)

Altars:


Message History

The kobold throws a stone.
The stone hits you.
* * * LOW HITPOINT WARNING * * *
You hit the kobold.
The kobold is heavily wounded.
The kobold hits you with a +0 short sword.
* * * LOW HITPOINT WARNING * * *
The kobold barely misses you.
The kobold throws a stone.
The stone hits you but does no damage. The kobold barely misses you.
You hit the kobold but do no damage.
The kobold is heavily wounded.
The kobold barely misses you.
You riposte.
You hit the kobold.
The kobold is severely wounded.
The kobold throws a stone.
The stone hits you but does no damage. The kobold hits you but does no damage.
The kobold completely misses you.
You hit the kobold.
You kill the kobold!
Lugonu accepts your kill.
The kobold throws a stone.
The stone closely misses you.
The kobold hits you with a +0 short sword.
You die...

#.#......# #.#
#....# #.#.##...#
#.#⌠..÷..#
.#####.#####.[###
......<.........####
.#####.#####..#....#
#.# .....#((..#####
#.#.##...#.@)......
#.# #....#.K)......
#.#......#...K.....
#.#......#.........
#.#.....#####......
...... ...... ......


You could see 2 kobolds.

Vanquished Creatures
  A bat (D:1)
  A goblin (D:1)
  2 hobgoblins (D:1)
  A kobold (D:1)
  A frilled lizard (D:1)
6 creatures vanquished.

Notes
Turn   | Place    | Note
-------+----------+-------------------------------------------
     0 | Abyss:1  | Mithandil the Demonspawn Abyssal Knight began the quest for
                  | the Orb.
     0 | Abyss:1  | Reached XP level 1. HP: 18/18 MP: 2/2
     8 | D:1      | Escaped the Abyss
    93 | D:1      | Reached skill level 1 in Dodging
    98 | D:1      | Slain by a kobold

Levels and vault maps discovered:
D:1:      matt_arrival_grand_opening, layout_basic

Skill      XL: |  1 |
---------------+----+-----
Dodging        | 1 |  1.0
Long Blades    | 2 |  2.0
Fighting       | |  3.0
Armour         | |  1.9
Unarmed Combat | |  0.2
Invocations    | |  2.6

Action                   || total
-------------------------++-------
Melee: Falchion          ||    16
  Use: Scroll            ||     1
Armor: Leather armour    ||     8
Dodge: Dodged            ||    18
       Rpst.: Falchion   ||     5

Table legend:
 A = Non-vault XP
 B = Vault XP
 C = Vault XP percentage of total XP
 D = Non-vault monster count
 E = Vault monster count
 F = Vault count percentage of total count
                 A         B        C        D         E       F
            +---------+---------+-------+---------+---------+-------
      Total |      11 |       0 |   0.0 |       6 |       0 |   0.0
            +---------+---------+-------+---------+---------+-------
        D:1 |      11 |       0 |   0.0 |       6 |       0 |   0.0
            +---------+---------+-------+---------+---------+-------
